 Dungeon Crawl Stone Soup version 0.27.1-1-g398f81649c (webtiles) character file.

Game seed: 7134331327541275344

14 nxtlvl the Ruffian (level 2, -2/23 HPs)
             Began as a Minotaur Transmuter on Sept 18, 2021.
             Slain by Natasha (5 damage)
             ... on level 2 of the Dungeon.
             The game lasted 00:02:04 (277 turns).

nxtlvl the Ruffian (Minotaur Transmuter)             Turns: 277, Time: 00:02:05

Health: -2/23      AC:  2    Str: 14    XL:     2   Next: 31%
Magic:  2/3        EV: 12    Int: 10    God:
Gold:   48         SH:  0    Dex: 10    Spells: 2/3 levels left

rFire    . . .     SeeInvis .     - Unarmed
rCold    . . .     Faith    .   (no shield)
rNeg     . . .     Spirit   .   a - +0 robe
rPois    .         Reflect  .   (helmet currently unavailable)
rElec    .         Harm     .   (no cloak)
rCorr    .         Rampage  .   (no gloves)
Will     .....                  (boots currently unavailable)
Stlth    +.........             (no amulet)
HPRegen  0.07/turn              (no ring)
MPRegen  0.08/turn              (no ring)

@: appendages (expiring)
A: talons 2, horns 2, retaliatory headbutt
a: End Transformation


You were on level 2 of the Dungeon.
You had temporarily grown beastly talons.
You visited 1 branch of the dungeon, and saw 2 of its levels.

You collected 48 gold pieces.

Inventory:

Missiles
 c - 2 poisoned darts
Armour
 a - a +0 robe (worn)
Potions
 b - a potion of might {unknown}


   Skills:
 - Level 1.2 Fighting
 - Level 2.1 Dodging
 * Level 4.2 Unarmed Combat
 - Level 1.3 Spellcasting
 - Level 1.5 Transmutations


You had 2 spell levels left.
You knew the following spells:

 Your Spells              Type           Power      Damage    Failure   Level
a - Beastly Appendage     Tmut           6%         N/A       19%         1

Your spell library contained the following spells:

 Spells                   Type           Power      Damage    Failure   Level
 Wereblood                Tmut           3%         N/A       26%         2
 Spider Form              Tmut/Pois      1%         N/A       58%         3
 Ice Form                 Ice/Tmut       2%         N/A       94%         4


Dungeon Overview and Level Annotations

Branches:
Dungeon (2/15)

Altars:

Annotations:
D:2 Natasha


Innate Abilities, Weirdness & Mutations

You have temporarily grown beastly talons.
You have a pair of horns on your head.
You reflexively headbutt those who attack you in melee.


Message History

Found 13 gold pieces.
You now have 48 gold pieces (gained 13).
A kobold comes into view.
It is wielding a +0 short sword and quivering poisoned darts.
The kobold shouts!
The kobold throws a poisoned dart.
The poisoned dart hits you!
You are poisoned.
You feel very sick.
You feel sick.
The kobold hits you with a +0 short sword.
You hit the kobold.
You kill the kobold!
You feel sick.
You feel sick.
Things that are here:
a +0 short sword; 2 poisoned darts; a kobold corpse
c - 2 poisoned darts You feel sick.
You feel sick.
You feel sick. As you open the door, it creaks loudly!
You feel sick.
You are no longer poisoned.
As you open the door, it creaks loudly!
You hear an angry hiss.
There is an open door here.
Natasha, Servant of Life and Death comes into view.
Casting: Beastly Appendage (safe; 19% risk of failure)
Confirm with . or Enter, or press ? or * to list all spells.
Your feet morph into talons.
You hit Natasha. You headbutt Natasha.
Natasha is heavily wounded.
Natasha claws you.
You barely miss Natasha.
Natasha is heavily wounded.
Your transformation is almost over.
Natasha claws you.
* * * LOW HITPOINT WARNING * * *
You hit Natasha but do no damage. Your kick misses Natasha.
Natasha is heavily wounded.
Natasha claws you.
You die...

..# ########.#....
.. #....# #.##
#....# ..#
######....# #.#
#....).#'##
####'###......#...
#.............#####
+..................
#.@h..........#####
####.....##+#.....
#.....# #.....
#.....# #......
#.h...# ......
#....## #####
....... ........
....###


You could see Natasha.

Vanquished Creatures
  2 dart slugs
  2 hobgoblins
  A ball python (D:1)
  2 bats (D:1)
  A frilled lizard (D:1)
  3 kobolds (D:2)
11 creatures vanquished.

Notes
Turn   | Place    | Note
-------+----------+-------------------------------------------
     0 | D:1      | nxtlvl the Minotaur Transmuter began the quest for the Orb.
     0 | D:1      | Reached XP level 1. HP: 16/16 MP: 1/1
    97 | D:2      | Reached XP level 2. HP: 23/23 MP: 0/3
   135 | D:2      | Reached skill level 4 in Unarmed Combat
   270 | D:2      | Noticed Natasha
   277 | D:2      | Slain by Natasha

Illustrated notes

Levels and vault maps discovered:
D:1:      lemuel_arrival_cross, layout_loops_cross,
          hellmonk_ecumenical_altar_zigzags, due_unseen_surprise
D:2:      layout_basic, serial_shops, nicolae_shop_statue_plus, uniq_natasha

Skill      XL: |  1  2 |
---------------+-------+-----
Unarmed Combat | 4 |  4.2
Fighting       | |  1.2
Dodging        | |  2.1
Spellcasting   | |  1.3
Transmutations | |  1.5

Action                   || total
-------------------------++-------
Melee: Unarmed           ||    23
       Headbutt          ||     4
       Kick              ||     2
       Punch             ||     2
 Cast: Beastly Appendage ||     7
Armor: Robe              ||     3
Dodge: Dodged            ||    12
